 Dungeon Crawl Stone Soup version 0.22.1-2-g9c5b331383 (webtiles) character file.

13603 Kniotic the Destroyer (level 11, -2/102 HPs)
             Began as a Demonspawn Conjurer on Dec 7, 2018.
             Was a High Priest of Cheibriados.
             Slain by Rupert
             ... wielding a +5 battleaxe of flaming
              (9 damage)
             ... on level 3 of the Lair of Beasts.
             The game lasted 00:36:51 (14207 turns).

Kniotic the Destroyer (Demonspawn Conjurer)        Turns: 14207, Time: 00:36:52

Health: -2/102     AC: 25    Str: 22    XL:     11   Next: 77%
Magic:  16/24      EV:  2    Int: 38    God:    Cheibriados [*****.]
Gold:   702        SH:  0    Dex: 30    Spells: 20/29 levels left

rFire    . . .     SeeInvis .   Q - +2 great sword of Superiority {slice, Int+3 Dex+4}
rCold    . . .     Gourm    .   (shield currently unavailable)
rNeg     + + +     Faith    .   (armour currently unavailable)
rPois    +         Spirit   .   (helmet currently unavailable)
rElec    .         Reflect  .   (cloak currently unavailable)
rCorr    .         Harm     .   (gloves currently unavailable)
MR       ++...     NoTele   +   (boots currently unavailable)
Stlth    ++++......             o - amulet of magic regeneration
HPRegen  0.27/turn              g - ring of protection from magic
MPRegen  0.44/turn              H - ring of poison resistance

@: tree-form, very slow
A: clever 1, foul stench 2, magic resistance 1, nightstalker 1, evolution 1, rot
immunity, MP-powered wands
a: Bend Time, Temporal Distortion, Slouch, Step From Time, Renounce Religion


You were on level 3 of the Lair of Beasts.
You worshipped Cheibriados.
Cheibriados was extremely pleased with you.
You were not hungry.
You were a tree.
You visited 2 branches of the dungeon, and saw 13 of its levels.
You also visited: Sewer.

You collected 774 gold pieces.
You spent 72 gold pieces at shops.

Inventory:

Hand Weapons
 w - the +1 war axe of Sugutt {freeze, rElec rPois}
   (You found it on level 7 of the Dungeon)

   It has been specially enchanted to freeze those struck by it, causing extra
   injury to most foes and up to half again as much damage against particularly
   susceptible opponents.
   It can also slow down cold-blooded creatures.
   It insulates you from electricity.
   It protects you from poison.
 Q - the +2 great sword of Superiority (weapon) {slice, Int+3 Dex+4}
   (You found it on level 2 of the Lair of Beasts)

   It inflicts extra damage upon your enemies.
   It affects your intelligence (+3).
   It affects your dexterity (+4).
Armour
 y - a +0 helmet (melded)
 B - a +0 cloak (melded)
 F - a +0 pair of boots (melded)
 I - the +3 leather armour "Defuga Fuck" (melded) {rElec Dex+4}
   (You found it on level 6 of the Dungeon)

   It affects your dexterity (+4).
   It insulates you from electricity.
 L - a +0 troll leather armour
Magical Staves
 J - an uncursed staff of wizardry
Jewellery
 a - a cursed ring of attention {unknown}
 g - a ring of protection from magic (left branch)
 o - an amulet of magic regeneration (around neck)
 C - an uncursed ring of flight
 H - a ring of poison resistance (right branch)
 O - an uncursed amulet of regeneration {unknown}
Wands
 A - a wand of flame (21)
 D - a wand of digging (10)
 E - a wand of iceblast (3)
Scrolls
 b - 3 scrolls of enchant armour {unknown}
 e - 6 scrolls of remove curse
 i - 4 scrolls of immolation {unknown}
 j - 6 scrolls of fear {unknown}
 l - 14 scrolls of teleportation
 r - 3 scrolls of blinking {unknown}
 s - 2 scrolls of magic mapping {unknown}
 t - a scroll of fog {unknown}
 u - 6 scrolls of enchant weapon {unknown}
 G - a scroll of random uselessness {unknown}
 N - 3 scrolls of amnesia {unknown}
Potions
 d - 4 potions of haste
 f - 4 potions of curing
 h - 2 potions of mutation
 k - 4 potions of flight
 m - a potion of heal wounds
 n - 2 potions of might {unknown}
 p - 2 potions of ambrosia {unknown}
 q - 6 potions of lignification
 v - 2 potions of invisibility
 x - a potion of degeneration {unknown}
 z - 3 potions of agility {unknown}
 K - a potion of cancellation {unknown}
Comestibles
 c - 27 rations


   Skills:
 - Level 1.7 Dodging
 - Level 1.7 Stealth
 - Level 8.0 Unarmed Combat
 + Level 9.6 Spellcasting
 - Level 13.0 Conjurations
 + Level 6.6 Invocations


You had 20 spell levels left.
You knew the following spells:

 Your Spells              Type           Power        Failure   Level  Hunger
a - Magic Dart            Conj           ####         0%          1    None
b - Iskenderun's Mystic   Conj           #######.     1%          4    None
c - Fulminant Prism       Conj/Hex       ######....   1%          4    None

Your spell library contained the following spells:

 Spells                   Type           Power        Failure   Level  Hunger
 Searing Ray              Conj           ######       0%          2    None
 Dazzling Spray           Conj/Hex       ######       1%          3    None
 Force Lance              Conj/Tloc      ######..     1%          4    None


Dungeon Overview and Level Annotations

Branches:
Dungeon (10/15)            Temple (0/1) D:4            Lair (3/6) D:9
    Orc (0/2) D:10
  Swamp: Lair:2-4    Shoals: Lair:2-4     Snake: Lair:2-4    Spider: Lair:2-4

Altars:
Cheibriados
Elyvilon
Fedhas
Hepliaklqana
Qazlal
Sif Muna
Trog
Uskayaw
Wu Jian
Xom
Yredelemnul
Zin

Shops:
D:8 *   D:9 ?

Annotations:
Lair:3 Rupert


Innate Abilities, Weirdness & Mutations

((You have very sharp fingernails.))
((You are partially covered in yellow scales. (AC +2)))
You frequently emit foul miasma when damaged in melee.
You are slightly more attuned to the shadows.
You are immune to rotting.
Your mind is acute. (Int +2)
You are resistant to hostile enchantments. (MR+)
You evolve.
You expend magic power (3 MP) to strengthen your wands.


Message History

Press: ? - help, Shift-Dir - straight line, f - fulminant prism
Aim: a fulminant prism (friendly) Really fire at your fulminant prism?
Okay, then.
Casting: Iskenderun's Mystic Blast (safe; 1% risk of failure)
Confirm with . or Enter, or press ? or * to list all spells.
Aiming: Magic Dart (safe; 0% risk of failure)
Press: ? - help, Shift-Dir - straight line, f - Rupert, p - fulminant prism
Aim: Rupert, wielding a battleaxe of flaming and wearing a chain mail (foul The magic dart hits Rupert.
Rupert is lightly wounded.
Rupert is engulfed in dark miasma.
Rupert looks even sicker.
Rupert hits you with a battleaxe of flaming.
* * * LOW HITPOINT WARNING * * *
Rupert burns you.
* * * LOW HITPOINT WARNING * * *
Rupert is engulfed in dark miasma.
Rupert looks as sick as possible!
Rupert seems to slow down.
Rupert hits you with a battleaxe of flaming!
You die...

#
##.#.######..
#.....♣@.*...
...#.......l.
#...........
#..#..#..##.
#..PP.#####
...... .. .#.


You could see Rupert (berserk), a basilisk and a friendly fulminant prism.

Vanquished Creatures
  2 hydras (Lair:2)
  A two-headed ogre (D:10)
  A rime drake (Lair:1)
  3 komodo dragons
  A merfolk (D:10)
  A troll (D:9)
  5 hippogriffs
  2 wyverns
  2 basilisks (Lair:1)
  8 yaks (D:10)
  A human (D:10)
  A hungry ghost (D:8)
  An acid dragon (D:9)
  A water moccasin (Lair:1)
  3 porcupines
  3 orc warriors (D:10)
  2 ice beasts
  A necrophage (D:8)
  Purgy (Sewer)
  4 sky beasts
  2 black bears
  3 phantoms
  3 ogres
  8 wolves
  5 centaurs
  6 crocodiles
  4 big kobolds
  8 bullfrogs
  A wyvern zombie (D:9)
  A water moccasin zombie (D:8)
  A wyvern skeleton (D:9)
  2 scorpions
  4 killer bees (D:7)
  10 wights
  5 crimson imps
  2 centaur zombies (D:10)
  4 howler monkeys
  A quasit (D:9)
  6 hounds
  2 jellies
  2 centaur skeletons (D:10)
  An iron imp (D:6)
  5 orc priests
  A bullfrog skeleton (D:9)
  6 worker ants
  4 iguanas
  10 orc wizards
  A hound zombie (D:5)
  Robin (D:4)
  2 worker ant zombies
  2 howler monkey zombies
  14 gnolls
  11 adders
  A shadow imp (D:5)
  2 oozes
  2 adder skeletons
  4 worms
  8 leopard geckos
  39 orcs
  12 bats
  5 giant cockroaches
  11 goblins
  11 hobgoblins
  7 jackals
  34 kobolds
  7 quokkas
  2 ball pythons
  A ball python zombie (D:6)
  6 frilled lizards
  A leopard gecko zombie (D:9)
  A quokka skeleton (D:5)
  8 rats
  2 plants (Lair:1)
346 creatures vanquished.

Vanquished Creatures (others)
  56 fulminant prisms
  2 fungi
58 creatures vanquished.

Grand Total: 404 creatures vanquished

Notes
Turn   | Place    | Note
-------+----------+-------------------------------------------
     0 | D:1      | Kniotic the Demonspawn Conjurer began the quest for the
                  | Orb.
     0 | D:1      | Reached XP level 1. HP: 13/13 MP: 3/3
   214 | D:1      | Gained mutation: You have sharp fingernails. [demonic
                  | ancestry]
   214 | D:1      | Reached XP level 2. HP: 19/19 MP: 0/5
  1063 | D:2      | Gained mutation: You are partially covered in yellow
                  | scales. (AC +2) [demonic ancestry]
  1063 | D:2      | Reached XP level 3. HP: 23/24 MP: 0/6
  1118 | D:2      | Found a bloodstained altar of Trog.
  1495 | D:2      | Found a white marble altar of Elyvilon.
  1659 | D:2      | Reached skill level 5 in Conjurations
  1712 | D:2      | Reached skill level 1 in Unarmed Combat
  1829 | D:2      | Gained mutation: You are slightly more attuned to the
                  | shadows. [demonic ancestry]
  1829 | D:2      | Reached XP level 4. HP: 17/30 MP: 4/8
  2245 | D:3      | Learned a level 4 spell: Iskenderun's Mystic Blast
  2560 | D:3      | Reached XP level 5. HP: 21/35 MP: 3/9
  3425 | D:3      | Learned a level 4 spell: Fulminant Prism
  3441 | D:4      | Noticed an ogre
  3459 | D:4      | Killed an ogre
  3459 | D:4      | Reached skill level 6 in Conjurations
  3459 | D:4      | Gained mutation: You are immune to rotting. [demonic
                  | ancestry]
  3459 | D:4      | Reached XP level 6. HP: 41/41 MP: 2/11
  3497 | D:4      | Noticed Robin
  3511 | D:4      | Killed Robin
  4307 | D:4      | Found a staircase to the Ecumenical Temple.
  4345 | D:4      | Gained mutation: You have very sharp fingernails. [demonic
                  | ancestry]
  4345 | D:4      | Reached XP level 7. HP: 46/46 MP: 8/12
  4444 | D:5      | Entered Level 5 of the Dungeon
  4567 | D:5      | Found a basalt altar of Yredelemnul.
  4601 | D:5      | Found a glowing drain.
  4610 | Sewer    | Entered a sewer
  4614 | Sewer    | Noticed Purgy
  4626 | Sewer    | Killed Purgy
  4626 | Sewer    | Reached skill level 7 in Conjurations
  4633 | Sewer    | Gained mutation: Your body sometimes deteriorates upon
                  | taking damage. [potion of mutation]
  4633 | Sewer    | Gained mutation: You have large cloven feet. [potion of
                  | mutation]
  5141 | Sewer    | Lost mutation: You have large cloven feet. [potion of
                  | mutation]
  5141 | Sewer    | Lost mutation: Your body sometimes deteriorates upon taking
                  | damage. [potion of mutation]
  5141 | Sewer    | Gained mutation: You evolve. [potion of mutation]
  5141 | Sewer    | Gained mutation: Your spells are a little harder to cast,
                  | but a little more powerful. [potion of mutation]
  5141 | Sewer    | Gained mutation: You expend magic power (3 MP) to
                  | strengthen your wands. [potion of mutation]
  5615 | D:5      | Found an ornate altar of the Wu Jian Council.
  5628 | D:5      | Gained mutation: You occasionally shout uncontrollably at
                  | your foes. [evolution]
  5653 | D:5      | Gained mutation: You may emit foul miasma when damaged in
                  | melee. [demonic ancestry]
  5653 | D:5      | Reached XP level 8. HP: 47/52 MP: 4/14
  5700 | D:5      | Reached skill level 8 in Conjurations
  6166 | D:6      | Reached skill level 5 in Spellcasting
  6885 | D:6      | Lost mutation: You occasionally shout uncontrollably at
                  | your foes. [evolution]
  6898 | D:6      | Got a steaming leather armour
  6899 | D:6      | Identified the +3 leather armour "Defuga Fuck" {rElec
                  | Dex+4} (You found it on level 6 of the Dungeon)
  6949 | D:6      | Found a snail-covered altar of Cheibriados.
  6955 | D:6      | Became a worshipper of Cheibriados the Contemplative
  7018 | D:7      | Reached skill level 9 in Conjurations
  7056 | D:7      | Found a stormy altar of Qazlal.
  7301 | D:7      | Got a bloodstained war axe
  7313 | D:7      | Reached skill level 5 in Unarmed Combat
  7313 | D:7      | Reached XP level 9. HP: 57/57 MP: 11/17
  7323 | D:7      | Reached * piety under Cheibriados
  7400 | D:7      | Identified the +1 war axe of Sugutt {freeze, rElec rPois}
                  | (You found it on level 7 of the Dungeon)
  7925 | D:7      | Found a basalt altar of Yredelemnul.
  8067 | D:7      | Reached skill level 10 in Conjurations
  8446 | D:8      | Found Fubror's Assorted Antiques.
  8490 | D:8      | Reached ** piety under Cheibriados
  8852 | D:8      | Found a hazy altar of Hepliaklqana.
  8924 | D:8      | Found a blossoming altar of Fedhas.
  8925 | D:8      | Found a hide-covered altar of Uskayaw.
  9034 | D:9      | Found a deep blue altar of Sif Muna.
  9038 | D:9      | Found a faded altar of an unknown god.
  9205 | D:9      | Found a faded altar of an unknown god.
  9206 | D:9      | Found a shimmering altar of Xom.
  9210 | D:9      | Found a glowing silver altar of Zin.
  9297 | D:9      | Reached skill level 11 in Conjurations
  9297 | D:9      | Gained mutation: You frequently emit foul miasma when
                  | damaged in melee. [demonic ancestry]
  9297 | D:9      | Reached XP level 10. HP: 39/63 MP: 10/20
  9407 | D:9      | Reached *** piety under Cheibriados
  9772 | D:9      | Found a staircase to the Lair.
  9928 | D:9      | Found Jekkuogg's Magic Scroll Shoppe.
  9950 | D:9      | Bought a scroll of remove curse for 36 gold pieces
  9950 | D:9      | Bought a scroll of teleportation for 36 gold pieces
 10112 | D:10     | Entered Level 10 of the Dungeon
 10272 | D:10     | Reached **** piety under Cheibriados
 10570 | D:10     | Reached skill level 12 in Conjurations
 10696 | D:10     | Reached ***** piety under Cheibriados
 10798 | D:10     | Noticed a two-headed ogre
 10810 | D:10     | Killed a two-headed ogre
 10823 | D:10     | Gained mutation: You are resistant to hostile enchantments.
                  | (MR+) [evolution]
 10974 | D:10     | Reached XP level 11. HP: 56/68 MP: 15/23
 11081 | D:10     | Found a staircase to the Orcish Mines.
 11845 | Lair:1   | Entered Level 1 of the Lair of Beasts
 11962 | Lair:1   | Found a bloodstained altar of Trog.
 12026 | Lair:1   | Reached skill level 1 in Invocations
 12212 | Lair:1   | Lost mutation: Your spells are a little harder to cast, but
                  | a little more powerful. [evolution]
 12266 | Lair:1   | Reached skill level 13 in Conjurations
 12967 | Lair:2   | Noticed a four-headed hydra
 12972 | Lair:2   | Killed a four-headed hydra
 12981 | Lair:2   | Noticed a six-headed hydra
 12988 | Lair:2   | Killed a six-headed hydra
 12988 | Lair:2   | Reached skill level 5 in Invocations
 13398 | Lair:2   | Got an iridescent great sword
 13399 | Lair:2   | Identified the +2 great sword of Superiority {slice, Int+3
                  | Dex+4} (You found it on level 2 of the Lair of Beasts)
 13975 | Lair:2   | Gained mutation: Your mind is acute. (Int +2) [evolution]
 14203 | Lair:3   | Noticed Rupert
 14207 | Lair:3   | Slain by Rupert

Skill      XL: |  1  2  3  4  5  6  7  8  9 10 11 |
---------------+----------------------------------+-----
Conjurations   | 5 6 7 9 11 12 13 | 13.0
Unarmed Combat | 1 2 3 5 6 7 8 |  8.0
Spellcasting   | 3 4 5 6 8 9 |  9.6
Invocations    | 6 |  6.6
Dodging        | |  1.7
Stealth        | |  1.7

Action                   |  1- 3 |  4- 6 |  7- 9 | 10-12 || total
-------------------------+-------+-------+-------+-------++-------
Melee: Unarmed           |    27 |    40 |    54 |     2 ||   123
       Punch             |       |       |     1 |     6 ||     7
       Staff             |       |       |       |    22 ||    22
       Great sword       |       |       |       |     1 ||     1
 Cast: Magic Dart        |    83 |   153 |   330 |   185 ||   751
       Iskenderun's Myst |       |     8 |    37 |    86 ||   131
       Fulminant Prism   |       |     1 |    18 |    38 ||    57
 Abil: Evoke Flight      |       |       |     1 |       ||     1
Evoke: Wand              |       |       |       |     3 ||     3
  Use: Scroll            |     4 |       |     6 |     2 ||    12
       Potion            |       |       |     3 |     1 ||     4
  Eat: Chunk             |     4 |     6 |    16 |     9 ||    35
       Ration            |       |     1 |     1 |       ||     2
Armor: Robe              |     5 |    18 |    28 |       ||    51
       Skin              |       |       |     3 |       ||     3
       Leather armour    |       |       |    49 |    49 ||    98
Dodge: Dodged            |    26 |    45 |   132 |    81 ||   284
       Rpst.: Great sword |       |       |       |     1 ||     1
